 Dungeon Crawl Stone Soup version 0.18.1-8-gdd0e5ea (webtiles) character file.

60 pipel the Grave Robber (level 3, -1/19 HPs)
             Began as a Deep Elf Necromancer on May 23, 2016.
             Slain by a gnoll
             ... wielding a +0 whip
              (2 damage)
             ... on level 2 of the Dungeon.
             The game lasted 00:04:15 (1131 turns).

pipel the Grave Robber (Deep Elf Necromancer)       Turns: 1131, Time: 00:04:16

Health: -1/19      AC:  2    Str:  5    XL:     3   Next: 80%
Magic:  0/10       EV: 13    Int: 20    God:
Gold:   49         SH:  0    Dex: 15    Spells: 4 memorised, 1 level left

rFire  . . .     SeeInvis .     a - +4 dagger (venom)
rCold  . . .     Gourm    .     e - +0 robe
rNeg   . . .     Faith    .     (no shield)
rPois  .         Spirit   .     (no helmet)
rElec  .         Dismiss  .     (no cloak)
rCorr  .         Reflect  .     (no gloves)
SustAt .         Harm     .     (no boots)
MR     .....                    (no amulet)
Stlth  ++........               (no ring)
                                (no ring)

@: very slightly contaminated, not resistant to hostile enchantments, unstealthy
A: no striking features
a: no special abilities


You were on level 2 of the Dungeon.
You were not hungry.

You visited 1 branch of the dungeon, and saw 2 of its levels.

You collected 49 gold pieces.

Inventory:

Hand Weapons
 a - a +4 dagger of venom (weapon)
 i - a +0 spear
Missiles
 d - 72 poisoned needles
Armour
 e - a +0 robe (worn)
Scrolls
 g - a scroll of remove curse
 j - a scroll of identify
 k - a scroll of noise
Books
 b - a book of Necromancy

   Spells                             Type                      Level
   a - Pain                           Necromancy                   1
   b - Animate Skeleton               Necromancy                   1
   c - Vampiric Draining              Necromancy                   3
   d - Regeneration                   Charms/Necromancy            3
   e - Animate Dead                   Necromancy                   4
   f - Control Undead                 Necromancy                   4
Comestibles
 c - 2 bread rations
 f - 5 chunks of flesh
 m - a meat ration


   Skills:
 + Level 2.6 Dodging
 + Level 3.0 Stealth
 + Level 3.9 Spellcasting
 + Level 5.8 Necromancy


You had one spell level left.
You knew the following spells:

 Your Spells              Type           Power        Failure   Level  Hunger
a - Animate Skeleton      Necr           N/A          1%          1    None
p - Pain                  Necr           ####         1%          1    None
t - Regeneration          Chrm/Necr      ###.......   14%         3    ###....
v - Vampiric Draining     Necr           ####......   4%          3    ###....


Dungeon Overview and Level Annotations

Branches:
Dungeon (2/15)

Altars:

Annotations:
D:2 Terence


Message History

It is a scroll of enchant weapon.
Enchant which weapon? (? for menu, Esc to quit)
Your +3 dagger of venom glows red for a moment.
Terence hits you from afar with a trident.
* * * LOW HITPOINT WARNING * * *
The gnoll misses you.
Your hobgoblin skeleton struggles against the net.
The net rips apart, and your hobgoblin skeleton comes free!
You take 5 damage, and have 1/19 hp.
MASSIVE DAMAGE!!
You aren't carrying any potions.
Unknown command.
Casting: Pain
Confirm with . or Enter, or press ? or * to list all spells.
Aiming: Vampiric Draining
Press: ? - help, Shift-Dir - straight line, f/p - gnoll
Aim: a gnoll, wielding a whip (lightly wounded)
You miscast Vampiric Draining.
You are very lightly contaminated with residual magic.
Your bones ache.
Terence barely misses you. The gnoll hits you with a whip.
You die...

#..... #..... ##<###
#.......... #######.###
#.# ..# # ##.### #..#
########.... ...... #..
#.@Z@g)..$.# ###### #..
#)########.# # #.##.# ..
.. #. #...Z######.g#
#.##.. +.#..........#
##>...#
###..........#####...###
##..)...?...........#.##.
#...#####....## #.....##.
#...# #.#..< #. #..#..


You could see Terence, a gnoll and a friendly hobgoblin skeleton.

Vanquished Creatures
  2 gnolls (D:2)
  An adder (D:2)
  An ooze (D:1)
  A worm (D:2)
  A dart slug (D:1)
  A giant cockroach (D:1)
  A goblin (D:1)
  4 hobgoblins
  A quokka (D:2)
  3 giant newts (D:1)
  5 kobolds
  A rat (D:1)
22 creatures vanquished.

Vanquished Creatures (collateral kills)
  A hobgoblin (D:2)
1 creature vanquished.

Grand Total: 23 creatures vanquished

Notes
Turn   | Place    | Note
--------------------------------------------------------------
     0 | D:1      | pipel the Deep Elf Necromancer began the quest for the Orb.
     0 | D:1      | Reached XP level 1. HP: 10/10 MP: 6/6
    30 | D:1      | Learned a level 1 spell: Animate Skeleton
    53 | D:1      | Reached skill level 5 in Necromancy
   226 | D:1      | Reached XP level 2. HP: 14/15 MP: 8/8
  1040 | D:2      | Reached XP level 3. HP: 16/19 MP: 5/9
  1045 | D:2      | Learned a level 3 spell: Vampiric Draining
  1049 | D:2      | Learned a level 3 spell: Regeneration
  1128 | D:2      | Noticed Terence
  1131 | D:2      | Slain by a gnoll

Skill      XL: |  1  2  3 |
---------------+----------+-----
Necromancy     | 5 |  5.8
Stealth        | 3 |  3.0
Dodging        | |  2.6
Spellcasting   | |  3.9

Action                   || total
-------------------------++-------
Melee: Dagger            ||    27
 Cast: Pain              ||    25
       Animate Skeleton  ||     7
       Vampiric Draining ||     1
  Use: Scroll            ||     3
       Potion            ||     1
 Stab: Sleeping          ||     1
  Eat: Chunk             ||     1
Armor: Robe              ||     3
Dodge: Dodged            ||    22
